 Dungeon Sprint DCSS version 0.19.0-24-gb05acd6 (webtiles) character file.

259 igo the Conjurer (level 5, -4/45 HPs)
             Began as a Troll Air Elementalist on Nov 21, 2016.
             Was a Believer of Sif Muna.
             Slain by a troll (10 damage)
             ... in the Dungeon (Sprint IX: "|||||||||||||||||||||||||||||").
             The game lasted 00:02:14 (163 turns).

igo the Conjurer (Troll Air Elementalist)            Turns: 163, Time: 00:02:14

Health: -4/45      AC:  7    Str: 16    XL:     5   Next: 95%
Magic:  1/11       EV: 10    Int: 15    God:    Sif Muna [**....]
Gold:   0          SH:  0    Dex: 10    Spells: 3 memorised, 8 levels left

rFire  . . .     SeeInvis .     n - +2 dire flail (protect)
rCold  . . .     Gourm    +     a - +0 robe
rNeg   . . .     Faith    .     (shield currently unavailable)
rPois  .         Spirit   .     (helmet restricted)
rElec  .         Reflect  .     (no cloak)
rCorr  .         Harm     .     (gloves unavailable)
MR     .....     NoTele   +     (boots unavailable)
Stlth  +.........               (no amulet)
                                p - +2 ring of protection
                                q - +3 ring of intelligence

@: very slightly contaminated, repel missiles, invisible
A: unfitting armour, claws 3, fast metabolism 3, gourmand, regeneration 1,
shaggy fur 1, tough skin 2
a: Divine Energy, Renounce Religion


You were in the Dungeon.
You worshipped Sif Muna.
Sif Muna was pleased with you.
You were completely stuffed.

You visited 1 branch

Inventory:

Hand Weapons
 n - a +2 dire flail of protection (weapon)
Armour
 a - a +0 robe (worn)
 o - a +0 cloak
Magical Staves
 m - an uncursed staff of energy
Jewellery
 p - a +2 ring of protection (right claw)
 q - a +3 ring of intelligence (left claw)
Wands
 l - a wand of lightning (5/15)
Scrolls
 h - 3 scrolls of remove curse
 i - 2 scrolls of blinking
 k - 2 scrolls of amnesia
Potions
 d - 5 potions of curing
 e - 2 potions of heal wounds
 g - 4 potions of magic
Books
 b - a book of Air

   Spells                             Type                      Level
   a - Shock                          Conjuration/Air              1
   b - Swiftness                      Charms/Air                   2
   c - Repel Missiles                 Charms/Air                   2
   d - Static Discharge               Conjuration/Air              3
   e - Lightning Bolt                 Conjuration/Air              5
Comestibles
 c - 2 bread rations
 j - a chunk of flesh


   Skills:
 - Level 1.5 Dodging
 - Level 1.0 Stealth
 + Level 4.6 Spellcasting
 + Level 5.3 Conjurations
 + Level 5.3 Air Magic


You had 8 spell levels left.
You knew the following spells:

 Your Spells              Type           Power        Failure   Level  Hunger
a - Shock                 Conj/Air       ###.         1%          1    None
b - Repel Missiles        Chrm/Air       ##....       12%         2    ##.....
c - Swiftness             Chrm/Air       ##......     12%         2    ##.....


Dungeon Overview and Level Annotations

Branches:
Dungeon (1/1)

Altars:
Cheibriados
Dithmenos
Elyvilon
Fedhas
Gozag
Hepliaklqana
Kikubaaqudgha
Makhleb
Nemelex Xobeh
Okawaru
Qazlal
Ru
Sif Muna
Trog
Uskayaw
Vehumet
Xom
Yredelemnul
Zin
The Shining One
Beogh
Jiyva
Lugonu


Innate Abilities, Weirdness & Mutations

You are too large for most types of armour.
You have claws for hands.
Your metabolism is lightning-fast.
You like to eat raw meat.
Your natural rate of healing is unusually fast.
You are covered in fur. (AC +1)
You have very tough skin. (AC +2)


Message History

You kill the adder!
Sif Muna accepts your kill.
The bolt of lightning hits the hippogriff.
The hippogriff is moderately wounded.
This wand has 6 charges left.
The troll bites you! The troll misses you.
The troll claws you but does no damage.
Evoke which item? (* to show all) (? for menu, Esc to quit)
Zapping:
l - a wand of lightning (6/15)
Press: ? - help, Shift-Dir - straight line, f/p - troll
Aim: a troll (lightly wounded)
You hear a mighty clap of thunder!
The bolt of lightning hits the troll.
The troll is moderately wounded.
The bolt of lightning hits the hippogriff.
The hippogriff is heavily wounded.
This wand has 5 charges left.
The troll bites you. The troll claws you!
* * * LOW HITPOINT WARNING * * *
The troll barely misses you. The troll bites you!
You die...

▓_▓
▓.▓
▓'▓
▓.▓
▓.▓
▓.▓
▓)▓
▓[▓
▓@▓
▓T▓
▓.▓
▓.▓
▓H▓
▓.▓
▓.▓
▓†▓
▓.▓


You could see a hippogriff and a troll.

Vanquished Creatures
  A black bear (D)
  A scorpion (D)
  2 jellies (D)
  An iguana (D)
  2 adders (D)
  An adder zombie (D)
  2 goblins (D)
  A jackal (D)
  A quokka (D)
  A frilled lizard (D)
  A rat (D)
14 creatures vanquished.

Notes
Turn   | Place    | Note
-------+----------+-------------------------------------------
     0 | D        | igo the Troll Air Elementalist began the quest for the Orb.
     0 | D        | Reached XP level 1. HP: 16/16 MP: 1/1
     5 | D        | Reached skill level 1 in Conjurations
    33 | D        | Noticed an iguana
    33 | D        | Noticed a jelly
    39 | D        | Killed an iguana
    39 | D        | Reached XP level 2. HP: 24/24 MP: 2/4
    39 | D        | Reached XP level 3. HP: 31/31 MP: 2/5
    47 | D        | Reached XP level 4. HP: 39/39 MP: 2/7
    56 | D        | Found a roughly hewn altar of Beogh.
    56 | D        | Found a snail-covered altar of Cheibriados.
    56 | D        | Found a shadowy altar of Dithmenos.
    56 | D        | Found a white marble altar of Elyvilon.
    56 | D        | Found a blossoming altar of Fedhas.
    56 | D        | Found an opulent altar of Gozag.
    57 | D        | Found a hazy altar of Hepliaklqana.
    58 | D        | Found a viscous altar of Jiyva.
    59 | D        | Found an ancient bone altar of Kikubaaqudgha.
    60 | D        | Found a corrupted altar of Lugonu.
    61 | D        | Found a burning altar of Makhleb.
    62 | D        | Found a sparkling altar of Nemelex Xobeh.
    63 | D        | Found an iron altar of Okawaru.
    64 | D        | Found a stormy altar of Qazlal.
    65 | D        | Found a sacrificial altar of Ru.
    66 | D        | Found a deep blue altar of Sif Muna.
    67 | D        | Found a bloodstained altar of Trog.
    68 | D        | Found a hide-covered altar of Uskayaw.
    69 | D        | Found a radiant altar of Vehumet.
    70 | D        | Found a shimmering altar of Xom.
    71 | D        | Found a basalt altar of Yredelemnul.
    72 | D        | Found a glowing silver altar of Zin.
    73 | D        | Found a glowing golden altar of the Shining One.
    74 | D        | Became a worshipper of Sif Muna the Loreminder
   109 | D        | Learned a level 2 spell: Repel Missiles
   113 | D        | Learned a level 2 spell: Swiftness
   149 | D        | Noticed a troll
   149 | D        | Noticed a black bear
   149 | D        | Noticed a hippogriff
   161 | D        | Killed a black bear
   161 | D        | Reached * piety under Sif Muna
   161 | D        | Reached ** piety under Sif Muna
   161 | D        | Reached skill level 5 in Conjurations
   161 | D        | Reached skill level 5 in Air Magic
   161 | D        | Reached XP level 5. HP: 33/45 MP: 0/10
   163 | D        | Slain by a troll

Skill      XL: |  1  2  3  4 |
---------------+-------------+-----
Conjurations   | 2 3 5 |  5.3
Spellcasting   | 2 3 4 |  4.6
Air Magic      | 3 5 |  5.3
Dodging        | |  1.5
Stealth        | |  1.0

Action                   |  1- 3 |  4- 6 || total
-------------------------+-------+-------++-------
Melee: Unarmed           |    23 |     3 ||    26
 Cast: Shock             |       |     7 ||     7
       Repel Missiles    |       |     1 ||     1
Evoke: Wand              |       |     2 ||     2
  Use: Potion            |     2 |     2 ||     4
  Eat: Chunk             |     6 |     1 ||     7
Armor: Robe              |     3 |     2 ||     5
Dodge: Dodged            |     7 |     9 ||    16
